 Dungeon Crawl Stone Soup version 0.29.0-5-ge4962eb29e (webtiles) character file.

Game seed: 11531095662245424484

470 greasedhog the Ducker (level 7, 0/36 HPs)
             Began as a Tengu Wanderer on Aug 28, 2022.
             Slain by an acid dragon (11 damage)
             ... on level 4 of the Dungeon.
             The game lasted 00:08:12 (4865 turns).

greasedhog the Ducker (Tengu Wanderer)              Turns: 4865, Time: 00:08:13

Health: 0/36       AC:  6    Str: 10    XL:     7   Next: 9%
Magic:  11/11      EV: 16    Int: 13    God:
Gold:   88         SH:  0    Dex: 17    Spells: 9/10 levels left

rFire   . . .      SeeInvis .   q - +2 dagger (venom)
rCold   . . .      Faith    .   (no shield)
rNeg    . . .      Spirit   .   d - +2 leather armour
rPois   +          Reflect  .   (helmet restricted)
rElec   .          Harm     .   (no cloak)
rCorr   +          Rampage  .   f - +0 pair of gloves
Will    .....                   (boots unavailable)
Stlth   ++........              (no amulet)
HPRegen 0.12/turn               g - ring of poison resistance
MPRegen 0.12/turn               h - ring of resist corrosion

@: flying quickly and evasively, hasted, very quick
A: beak, talons 3, nimble flight
a: no special abilities


You were on level 4 of the Dungeon.
You visited 1 branch of the dungeon, and saw 4 of its levels.

You collected 264 gold pieces.
You spent 176 gold pieces at shops.

Inventory:

Hand Weapons
 j - a +2 dagger of speed
 q - a +2 dagger of venom (weapon)
Armour
 d - a +2 leather armour (worn)
 f - a +0 pair of gloves (worn)
Jewellery
 e - a ring of protection from fire
 g - a ring of poison resistance (left hand)
 h - a ring of resist corrosion (right hand)
Scrolls
 c - 2 scrolls of blinking
 k - 2 scrolls of poison
 l - 2 scrolls of teleportation
 r - 2 scrolls of silence
 u - a scroll of enchant armour
Potions
 a - a potion of flight {unknown}
 m - a potion of mutation {unknown}
 n - a potion of lignification {unknown}
 o - 6 potions of curing
 p - a potion of might {unknown}
 t - a potion of cancellation {unknown}
 v - 2 potions of brilliance {unknown}
 w - a potion of attraction {unknown}


   Skills:
 * Level 0.0 Fighting
 - Level 3.2 Short Blades
 - Level 5.0 Armour
 - Level 5.0 Dodging
 * Level 3.5 Stealth
 - Level 2.0 Unarmed Combat
 - Level 2.0 Spellcasting
 - Level 1.3 Conjurations
 - Level 1.0 Invocations


You had 9 spell levels left.
You knew the following spells:

 Your Spells              Type           Power      Damage    Failure   Level
a - Foxfire               Conj/Fire      12%        2x1d4     26%         1

Your spell library contained the following spells:

 Spells                   Type           Power      Damage    Failure   Level
 Magic Dart               Conj           16%        1d3       19%         1
 Apportation              Tloc           2%         N/A       32%         1
 Necrotise                Necr           4%         1d4       32%         1
 Summon Small Mammal      Summ           4%         N/A       32%         1
 Call Imp                 Summ           1%         N/A       45%         2
 Ensorcelled Hibernation  Hex/Ice        2%         N/A       45%         2
 Passwall                 Tmut/Erth      0%         N/A       45%         2
 Poisonous Vapours        Pois/Air       2%         N/A       45%         2
 Dazzling Flash           Conj/Hex       6%         N/A       58%         3
 Stone Arrow              Conj/Erth      6%         3d7       58%         3
 Mephitic Cloud           Conj/Pois/Air  2%         N/A       63%         3
 Swiftness                Air            1%         N/A       69%         3
 Iskenderun's Mystic Bla  Conj/Tloc      3%         2d3       94%         4
 Corpse Rot               Necr/Pois/Air  1%         N/A       97%         4
 Starburst                Conj/Fire      1%         6d3       100%        6


Dungeon Overview and Level Annotations

Branches:
Dungeon (4/15)
 Temple: D:4-7

Altars:
Yredelemnul

Shops:
D:3 ?[!?:


Innate Abilities, Weirdness & Mutations

You have a beak for a mouth.
You have claws for feet.
Your magical nature lets you fly swiftly and evasively.


Message History

Your adder dies!
Your adder's corpse dissolves into shadows!
As you read the scroll of fog, it crumbles to dust.
The scroll dissolves into smoke.
You hit the acid dragon but do no damage.
The acid dragon is heavily wounded.
The acid dragon spits acid at you. The splash of acid hits you! You resist.
* * * LOW HITPOINT WARNING * * *
You hear a shout!
You barely miss the acid dragon. Your kick misses the acid dragon.
You peck the acid dragon.
The acid dragon is heavily wounded.
You hear an angry hiss.
The acid dragon bites you.
* * * LOW HITPOINT WARNING * * *
The acid dragon closely misses you.
You feel better. The acid dragon spits acid at you.
The splash of acid hits you. You resist.
You feel yourself speed up. The acid dragon misses you.
The acid dragon closely misses you.
You hit the acid dragon but do no damage.
Your peck misses the acid dragon.
The acid dragon is heavily wounded.
You hit the acid dragon but do no damage.
You claw the acid dragon, but do no damage.
You peck the acid dragon, but do no damage.
The acid dragon is heavily wounded.
The acid dragon misses you. The acid dragon closely misses you.
You hit the acid dragon.
You claw the acid dragon, but do no damage.
You peck the acid dragon.
The acid dragon is severely wounded.
You completely miss the acid dragon. You claw the acid dragon.
Your peck misses the acid dragon.
The acid dragon is almost dead.
You are no longer corroded.
The acid dragon bites you!
You die...

≈### ##.#.#.##.o...# ##
#.###.#.....#######
########.#.##...#.#.)....
..##...#...##...#.)).....
.......##'###.#...#......
.......#)))#......#######
.......#...#..§§#.D#
.......#.⌠.#(.§§##.#
.......#.8.#..§§@#.##
.......#.⌠.#.###§D§.# ..
.......#...#.# ###§.## #.
.......#..)#######...#+#..
.......##[##.....#.......#
....####...#####..........
###..###.#.##.........####
......#.###.#####.....#
....###)#.#.####...(..#####


You could see an acid dragon (catching breath).

Vanquished Creatures
  A scorpion (D:4)
  A jelly (D:4)
  3 orc priests
  4 orc wizards
  3 adders
  A worm (D:3)
  A dart slug (D:2)
  14 orcs
  2 ball pythons
  3 endoplasms
  2 giant cockroaches
  5 goblins
  6 hobgoblins
  3 jackals (D:4)
  4 kobolds
  2 quokkas (D:3)
  8 bats
  A frilled lizard (D:1)
  3 rats
67 creatures vanquished.

Vanquished Creatures (collateral kills)
  A wight (D:4)
  An iguana (D:4)
  2 orcs (D:4)
  An endoplasm (D:4)
  A hobgoblin (D:4)
6 creatures vanquished.

Vanquished Creatures (others)
  74 foxfires
74 creatures vanquished.

Grand Total: 147 creatures vanquished

Notes
Turn   | Place    | Note
-------+----------+-------------------------------------------
     0 | D:1      | greasedhog the Tengu Wanderer began the quest for the Orb.
     0 | D:1      | greasedhog set off with the following items: a +0 dagger, a
                  | scroll of fog, a scroll of blinking, a +2 leather armour;
                  | and the following spell memorised: Foxfire; and the
                  | following spells available to memorise: Stone Arrow.
     0 | D:1      | Reached XP level 1. HP: 10/10 MP: 4/4
   307 | D:1      | Reached skill level 1 in Unarmed Combat
   307 | D:1      | Reached XP level 2. HP: 15/15 MP: 3/6
   903 | D:2      | Found a basalt altar of Yredelemnul.
  1285 | D:3      | Reached XP level 3. HP: 19/19 MP: 5/7
  1599 | D:2      | Reached skill level 5 in Dodging
  1723 | D:2      | Reached skill level 1 in Short Blades
  1802 | D:3      | Reached XP level 4. HP: 12/24 MP: 5/8
  2077 | D:3      | Found Ruest's Book Shop.
  2263 | D:3      | Found Riwewus's Magic Scroll Emporium.
  2275 | D:3      | Gained mutation: Your magical nature lets you fly swiftly
                  | and evasively. [Tengu growth]
  2275 | D:3      | Reached XP level 5. HP: 27/28 MP: 7/9
  2290 | D:3      | Bought a scroll of identify for 28 gold pieces
  2290 | D:3      | Bought a scroll of identify for 28 gold pieces
  2290 | D:3      | Bought a scroll of identify for 28 gold pieces
  2302 | D:3      | Found Qoilec's Distillery.
  2320 | D:3      | Bought a potion of curing for 42 gold pieces
  2565 | D:3      | Found Jios's Magic Scroll Shoppe.
  2573 | D:3      | Bought a scroll of teleportation for 30 gold pieces
  2573 | D:3      | Bought a scroll of identify for 20 gold pieces
  2576 | D:3      | Found Uthoe's Armour Shop.
  3428 | D:4      | Reached XP level 6. HP: 21/32 MP: 6/10
  4824 | D:4      | Noticed an acid dragon
  4834 | D:4      | Reached skill level 5 in Armour
  4834 | D:4      | Reached XP level 7. HP: 32/36 MP: 11/11
  4865 | D:4      | Slain by an acid dragon

Illustrated notes

Levels and vault maps discovered:
D:1:      kennysheep_arrival_seaside, layout_rooms
D:2:      layout_basic, basic_altar, amcnicky_mini_corridor_feature
D:3:      layout_rooms, serial_shops, nicolae_square_shop,
          nicolae_shop_hallway_plus, nicolae_shop_behind_doors, shop_coins,
          nicolae_lakefront_shop, serial_rivers, chequers_serial_rivers_micro_d,
          chequers_serial_rivers_room_a, chequers_serial_rivers_room_b,
          chequers_serial_rivers_micro_c, chequers_serial_rivers_large_a,
          kennysheep_nondescript
D:4:      layout_rooms, hangedman_decor_push, grunt_decor_clamped,
          chequers_serial_rivers_micro_d, grunt_decor_resistance,
          minmay_divided_ellipse

Skill      XL: |  1  2  3  4  5  6 |
---------------+-------------------+-----
Unarmed Combat | 1 2 |  2.0
Dodging        | 5 |  5.0
Short Blades   | 1 2 3 |  3.2
Armour         | 2 3 5 |  5.0
Stealth        | 3 |  3.5
Spellcasting   | |  2.0
Conjurations   | |  1.3
Invocations    | |  1.0

Action                   |  1- 3 |  4- 6 |  7- 9 || total
-------------------------+-------+-------+-------++-------
Melee: Dagger            |    70 |    90 |    10 ||   170
       Kick              |    20 |    27 |     4 ||    51
       Peck              |    12 |    12 |     6 ||    30
       Punch             |       |     2 |       ||     2
 Cast: Foxfire           |    12 |    31 |       ||    43
  Use: Scroll            |     2 |     5 |     1 ||     8
       Potion            |       |       |     2 ||     2
Armor: Leather armour    |    34 |    22 |       ||    56
Dodge: Dodged            |    64 |    61 |     5 ||   130
